 Dungeon Crawl Stone Soup version 0.14-a0-2080-ge317583 (webtiles) character file.

145 4tharraofdagon the Twirler (level 3, -2/29 HPs)
             Began as a Demigod Gladiator on Jan 24, 2014.
             Killed by divine providence
             ... invoked by an orc priest
              (17 damage)
             ... on Level 4 of the Dungeon.
             The game lasted 00:03:25 (627 turns).

4tharraofdagon the Twirler (Demigod Gladiator)       Turns: 627, Time: 00:03:25

HP  -2/29        AC  7     Str 19      XL: 3   Next: 89%
MP   5/5         EV 10     Int 12      God:
Gold 69          SH  0     Dex 17      Spells:  0 memorised,  2 levels left

rFire  . . .     SeeInvis .     t - +1,+2 orc whip (venom)
rCold  . . .     Clarity  .     o - +1 ring mail
rNeg   . . .     Conserve .     (no shield)
rPois  .         rCorr    .     j - +0 helmet
rElec  .         rRot     .     (no cloak)
SustAb . .       Spirit   .     (no gloves)
rMut   .         Warding  .     (no boots)
Saprov . . .     Stasis   .     (no amulet)
MR     .....                    (no ring)
                                (no ring)

@: drained, not resistant to hostile enchantments, very unstealthy
A: no striking features
a: no special abilities


You were on level 4 of the Dungeon.
You were not hungry.

You visited 1 branch of the dungeon, and saw 5 of its levels.

You collected 69 gold pieces.

Inventory:

Hand weapons
 a - a +0,+0 quarterstaff
 t - a +1,+2 orcish whip of venom (weapon)
Missiles
 d - 2 throwing nets (quivered)
 h - 7 javelins
 s - a throwing net [torn]
 u - 4 poisoned tomahawks
Armour
 b - a +0 leather armour
 c - a +0 helmet
 g - a +0 elven leather armour
 j - a +0 helmet (worn)
 o - a +1 ring mail (worn)
Magical devices
 m - a wand of digging (16)
 n - a wand of confusion (10)
Comestibles
 f - 4 bread rations
Scrolls
 i - a scroll of teleportation {unknown}
 k - 2 scrolls of identify {unknown}
 l - 2 scrolls of noise {unknown}
 p - a scroll of remove curse {unknown}
 q - a scroll of enchant weapon II {unknown}
 r - a scroll of blinking {unknown}
Potions
 e - 2 potions of curing


   Skills:
 + Level 2.0(1.5) Fighting
 * Level 1.3(0.8) Maces & Flails
 - Level 3.4(2.8) Staves
 - Level 1.7(1.2) Throwing
 + Level 1.4(0.9) Armour
 + Level 3.1(2.6) Dodging


You had 2 spell levels left.
You didn't know any spells.

Dungeon Overview and Level Annotations

Branches:
Dungeon (5/16)             Temple (0/1) D:5


Message History

The magic dart hits you!
You hit the orc wizard but do no damage.
The orc wizard is moderately wounded.
The orc wizard closely misses you.
You closely miss the orc wizard.
The orc wizard is moderately wounded.
The orc wizard closely misses you.
You hit the orc wizard but do no damage.
The orc wizard looks even sicker.
The orc wizard is moderately wounded.
The orc wizard points at you and mumbles some strange words.
The magic dart hits you!
You hit the orc wizard.
The orc wizard looks even sicker.
The orc wizard is severely wounded.
The orc wizard casts a spell at you. The magic dart hits you!
The orc priest calls down the wrath of Beogh upon you.
Something smites you!
Ouch! That really hurt!
You die...

##.#.#
.....####.###.#......
...#[#
..........>.p.........
#..#.#
.....#.#...#<.#.....?
#.<#.# .
#........##.##.#
.....# ...........# .#
#.#### #......#..### #
#.# #######.... #.#
##########.## #.#
#.......@oo# #.#
#.##########
#.#######.#
#........(#
########..# ####


You could see an orc priest and an orc wizard.

Vanquished Creatures
  A hound (D:5)
  An orc wizard (D:4)
  2 orcs
  2 giant cockroaches
  2 goblins
  2 hobgoblins
  A kobold (D:3)
  6 bats
  2 giant newts
  2 rats (D:2)
21 creatures vanquished.

Notes
Turn   | Place    | Note
--------------------------------------------------------------
     0 | D:1      | 4tharraofdagon, the Demigod Gladiator, began the quest for the Orb.
     0 | D:1      | Reached XP level 1. HP: 17/17 MP: 2/2
   154 | D:2      | Reached skill level 3 in Staves
   205 | D:2      | Reached XP level 2. HP: 21/24 MP: 3/3
   295 | D:4      | Noticed a phantom
   308 | D:5      | Entered Level 5 of the Dungeon
   339 | D:5      | Found a staircase to the Ecumenical Temple.
   396 | D:5      | Reached skill level 1 in Armour
   396 | D:5      | Reached XP level 3. HP: 21/29 MP: 5/5
   620 | D:4      | Reached skill level 1 in Maces & Flails
   627 | D:4      | Killed from afar by an orc priest

Action                   || total
-------------------------++-------
Melee: Quarterstaff      ||    65
       Whip              ||    12
Throw: Throwing net      ||     2
Evoke: Wand              ||     4
  Use: Potion            ||     3
 Stab: Held in net/web   ||     1
